 Dungeon Crawl Stone Soup version 0.23.2-33-g5129a83184 (webtiles) character file.

Game seed: 8595351235793361137

3671 Joat the Grappler (level 9, 96/96 HPs)
             Began as a Troll Berserker on July 5, 2019.
             Got out of the dungeon alive.
             The game lasted 00:19:24 (5851 turns).

Joat the Grappler (Troll Berserker)                 Turns: 5851, Time: 00:19:24

Health: 96/96      AC:  7    Str: 27    XL:     9   Next: 89%
Magic:  8/8        EV: 10    Int:  3    God:
Gold:   60         SH:  0    Dex: 12    Spells: 8/8 levels left

rFire    + . .     SeeInvis .     - Unarmed
rCold    . . .     Gourm    +   (no shield)
rNeg     + . .     Faith    .   a - +0 animal skin
rPois    .         Spirit   .   (helmet restricted)
rElec    .         Reflect  .   r - +0 cloak
rCorr    .         Harm     .   (gloves unavailable)
MR       .....                  (boots unavailable)
Stlth    +.........             n - amulet of regeneration
HPRegen  1.06/turn              s - ring of positive energy
MPRegen  0.11/turn              m - ring of protection from fire

@: no status effects
A: large, unfitting armour, claws 3, fast metabolism 3, gourmand, regeneration
1, shaggy fur 1, tough skin 3
a: no special abilities


You escaped.
You were full.

You visited 1 branch of the dungeon, and saw 8 of its levels.

You collected 406 gold pieces.
You spent 346 gold pieces at shops.

Inventory:

Hand Weapons
 q - a +0 dagger of venom
 w - a +2 hand axe of venom
 F - a +0 giant spiked club
Missiles
 p - 57 poisoned needles
Armour
 a - a +0 animal skin (worn)
 r - a +0 cloak (worn)
Jewellery
 h - an uncursed ring of see invisible
 m - a ring of protection from fire (right claw)
 n - an amulet of regeneration (around neck)
 s - a ring of positive energy (left claw)
 A - a +2 ring of intelligence
Wands
 e - a wand of digging (4)
 v - a wand of iceblast (6)
 B - a wand of disintegration (12)
Scrolls
 c - 7 scrolls of magic mapping {unknown}
 f - 3 scrolls of blinking {unknown}
 g - 4 scrolls of teleportation
 i - 2 scrolls of amnesia {unknown}
 l - 3 scrolls of enchant weapon {unknown}
 x - 2 scrolls of fog {unknown}
 y - 2 scrolls of enchant armour {unknown}
 z - 3 scrolls of remove curse
 D - a scroll of fear {unknown}
Potions
 d - a potion of flight
 j - 3 potions of agility {unknown}
 k - 2 potions of invisibility {unknown}
 o - a potion of heal wounds
 t - 2 potions of curing {unknown}
 u - 4 potions of haste {unknown}
 C - 2 potions of magic
 G - a potion of ambrosia {unknown}
Comestibles
 b - 17 rations


   Skills:
 - Level 8.0 Fighting
 - Level 4.4 Throwing
 - Level 2.4 Dodging
 + Level 10.2 Unarmed Combat


You had 8 spell levels left.
You didn't know any spells.
Your spell library contained the following spells:

 Spells                   Type           Power        Failure   Level  Hunger
 Freeze                   Ice            #...         52%         1    ##.....
 Throw Frost              Conj/Ice       #.....       67%         2    ###....
 Ozocubu's Armour         Chrm/Ice       #.......     88%         3    ####...
 Summon Ice Beast         Ice/Summ       #.......     99%         4    #####..
 Throw Icicle             Conj/Ice       #.......     99%         4    #####..


Dungeon Overview and Level Annotations

Branches:
Dungeon (8/15)             Temple (0/1) D:4
   Lair: D:8-11

Altars:

Shops:
D:4 *   D:5 %   D:7 **


Innate Abilities, Weirdness & Mutations

You are too large for most types of armour.
You have claws for hands.
Your metabolism is lightning-fast.
You like to eat raw meat.
Your natural rate of healing is unusually fast.
You are covered in fur. (AC +1)
You have extremely tough skin. (AC +3)


Message History

Your two-headed ogre rages.
Your ogre goes berserk!
You feel somewhat less full.
You can no longer call in reinforcements.
Your skin crawls.
You feel resistant to hostile enchantments.
You feel somewhat less full.
Your ogre rages.
Really renounce your faith, foregoing its fabulous benefits?
Are you sure you won't change your mind later?
You have lost your religion!
Trog does not appreciate desertion!
Your skin stops crawling.
You feel less resistant to hostile enchantments.
Your ogre disappears in a puff of smoke!
Your two-headed ogre disappears in a puff of smoke!
Your ogre disappears in a puff of smoke! x3
There is a staircase leading out of the dungeon here.
Are you sure you want to leave the Dungeon?
This will make you lose the game!
You have escaped!

..# #...#.#####..#.##.≈≈♣ ♣≈.≈♣
..####..##..............≈♣♣♣≈≈≈♣♣
#...#..##..............≈≈≈≈≈≈≈≈≈≈
###....................≈.≈.≈..≈≈.
###...........♣.........≈≈≈≈≈.≈≈≈
......##.......8........≈♣♣♣≈≈≈♣♣
###.#.##................≈♣ ♣≈.≈♣
..#.....................≈♣♣♣≈≈≈♣♣
................@......≈≈≈≈≈≈.≈≈≈
.........##..............≈≈...≈.≈
###.....###.#..#.......≈≈≈≈≈≈≈≈≈≈
.......................≈≈♣♣♣≈.≈♣♣
..#.#.......>..##......≈≈♣ ♣≈≈≈♣
.##.#...........#......≈≈♣♣♣≈≈≈♣♣
.##.#...................≈≈≈≈≈†≈≈≈
...........)...###.....≈≈≈≈≈≈≈..≈
...............###..#......#[....


There were no monsters in sight!

Vanquished Creatures
  Joseph (D:8)
  2 hippogriffs (D:7)
  Sigmund (D:5)
  Eustachio (D:6)
  2 sky beasts (D:7)
  An orc warrior (D:6)
  An ice beast (D:5)
  3 phantoms
  A necrophage (D:7)
  A black bear (D:8)
  3 ogres
  2 centaurs (D:7)
  A big kobold (D:7)
  A bullfrog (D:8)
  3 scorpions
  5 electric eels (D:8)
  2 crimson imps
  A quasit (D:8)
  A centaur zombie (D:6)
  2 bullfrog zombies
  A centaur skeleton (D:6)
  2 orc wizards
  2 hounds
  2 bullfrog skeletons (D:4)
  Jessica (D:2)
  2 iguanas
  5 worker ants
  A hound skeleton (D:4)
  A hound zombie (D:8)
  A worker ant zombie (D:7)
  15 adders
  5 gnolls
  A shadow imp (D:7)
  3 oozes
  An adder skeleton (D:4)
  7 worms
  4 dart slugs
  5 leopard geckos
  23 orcs
  7 bats
  6 giant cockroaches
  8 goblins
  6 hobgoblins
  6 jackals
  6 quokkas
  4 ball pythons
  10 frilled lizards
  10 kobolds
  2 rats
182 creatures vanquished.

Vanquished Creatures (others)
  A plant (D:8)
1 creature vanquished.

Grand Total: 183 creatures vanquished

Notes
Turn   | Place    | Note
-------+----------+-------------------------------------------
     0 | D:1      | Joat the Troll Berserker began the quest for the Orb.
     0 | D:1      | Reached XP level 1. HP: 22/22 MP: 0/0
    17 | D:1      | Reached skill level 1 in Throwing
    17 | D:1      | Reached XP level 2. HP: 29/29 MP: 1/1
   599 | D:2      | Reached XP level 3. HP: 36/36 MP: 2/2
   647 | D:2      | Reached ** piety under Trog
   716 | D:2      | Reached skill level 4 in Unarmed Combat
   865 | D:2      | Reached XP level 4. HP: 44/44 MP: 3/3
   885 | D:2      | Noticed Jessica
   888 | D:2      | Killed Jessica
   902 | D:2      | Reached skill level 5 in Unarmed Combat
  1395 | D:3      | Reached XP level 5. HP: 49/50 MP: 4/4
  1653 | D:3      | Reached *** piety under Trog
  1864 | D:3      | Reached skill level 6 in Unarmed Combat
  2208 | D:4      | Reached XP level 6. HP: 59/59 MP: 5/5
  2373 | D:4      | Found a staircase to the Ecumenical Temple.
  2418 | D:4      | Found Wiaphefeu's Lightly-Used Armoury.
  2429 | D:4      | Bought a -3 demon blade for 1 gold piece
  2429 | D:4      | Bought a -3 demon whip for 1 gold piece
  2804 | D:5      | Entered Level 5 of the Dungeon
  2804 | D:5      | Found Porhin's Food Boutique.
  2836 | D:5      | Reached XP level 7. HP: 66/66 MP: 6/6
  3065 | D:5      | Reached **** piety under Trog
  3065 | D:5      | Reached skill level 7 in Unarmed Combat
  3073 | D:5      | Got a scorched long sword
  3074 | D:5      | Identified the cursed +2 long sword of the Pariah {vamp,
                  | +Inv rPois Dex+2} (You found it on level 5 of the Dungeon)
  3187 | D:5      | Noticed Sigmund
  3194 | D:5      | Killed Sigmund
  3641 | D:6      | Reached skill level 8 in Unarmed Combat
  3658 | D:6      | Noticed Eustachio
  3669 | D:6      | Killed Eustachio
  3669 | D:6      | Reached XP level 8. HP: 71/74 MP: 7/7
  3737 | D:6      | Reached skill level 9 in Unarmed Combat
  4035 | D:6      | Reached skill level 10 in Unarmed Combat
  4397 | D:7      | Found Voklarau's Assorted Antiques.
  4412 | D:7      | Bought a scroll labeled IGGAUL ROSMIZY for 28 gold pieces
  4412 | D:7      | Bought a brown potion for 25 gold pieces
  4412 | D:7      | Bought a scroll labeled RUANAXOJIM for 28 gold pieces
  4412 | D:7      | Bought a moonstone ring for 140 gold pieces
  4412 | D:7      | Bought a scroll labeled JATIMI ACWA for 28 gold pieces
  4470 | D:7      | Noticed a hippogriff
  4475 | D:7      | Killed a hippogriff
  4475 | D:7      | Reached XP level 9. HP: 85/85 MP: 8/8
  4479 | D:7      | Reached ***** piety under Trog
  4574 | D:7      | Reached skill level 5 in Fighting
  4588 | D:7      | Found Ebatav's Assorted Antiques.
  4625 | D:7      | Received a gift from Trog
  4662 | D:7      | Bought a viscous ruby potion for 29 gold pieces
  4662 | D:7      | Bought a scroll labeled IGGAUL ROSMIZY for 33 gold pieces
  4662 | D:7      | Bought a scroll labeled IGGAUL ROSMIZY for 33 gold pieces
  5248 | D:8      | Noticed Joseph
  5261 | D:8      | Killed Joseph
  5845 | D:1      | Fell from the grace of Trog
  5851 | D:$      | Got out of the dungeon alive.

Skill      XL: |  1  2  3  4  5  6  7  8  9 |
---------------+----------------------------+-----
Throwing       | 1 2 3 4 |  4.4
Unarmed Combat | 4 5 6 8 10 | 10.2
Fighting       | 4 8 |  8.0
Dodging        | |  2.4

Action                   |  1- 3 |  4- 6 |  7- 9 || total
-------------------------+-------+-------+-------++-------
Melee: Unarmed           |    86 |   180 |   264 ||   530
       Punch             |     3 |     3 |    16 ||    22
       Long sword        |       |       |     2 ||     2
Throw: Stone             |     1 |       |     8 ||     9
Invok: Berserk           |     1 |     2 |     4 ||     7
       Brothers in Arms  |       |       |     5 ||     5
       Trog's Hand       |       |       |     1 ||     1
       Renounce Religion |       |       |     1 ||     1
  Use: Scroll            |       |       |     8 ||     8
 Stab: Sleeping          |     1 |     1 |     1 ||     3
  Eat: Chunk             |    15 |    20 |    34 ||    69
Armor: Animal skin       |    29 |    77 |    69 ||   175
Dodge: Dodged            |    47 |    84 |    98 ||   229
